 Dungeon Crawl Stone Soup version 0.31.0-32-g396128a36d (webtiles) character file.

Game seed: 9645692068736475361

1546 hawla the Ducker (level 8, -2/43 HPs)
             Began as a Deep Elf Fire Elementalist on Mar 23, 2024.
             Was an Initiate of Vehumet.
             Killed by divine providence
             ... invoked by Jeremiah
              (10 damage)
             ... on level 6 of the Dungeon.
             The game lasted 00:13:10 (6192 turns).

hawla the Ducker (Deep Elf Fire Elementalist)       Turns: 6192, Time: 00:13:11

Health: -2/43      AC:  5    Str:  5    XL:     8   Next: 57%
Magic:  4/19       EV: 14    Int: 23    God:    Vehumet [......]
Gold:   258        SH:  5    Dex: 15    Spells: 12/19 levels left

rFire   . . .        n - +4 quarterstaff (chaos)
rCold   + . .        (shield currently unavailable)
rNeg    . . .        a - +0 robe
rPois   .            u - +0 helmet
rElec   .            m - +0 cloak
rCorr   .            A - +0 pair of gloves
SInv    .            (no boots)
Will    +....        x - amulet of reflection
Stlth   +++          q - ring of willpower
HPRegen 0.27/turn    l - ring of protection from cold
MPRegen 0.16/turn

%: reflection
@: about to teleport
A: no striking features
a: Renounce Religion


You were on level 6 of the Dungeon.
You worshipped Vehumet.
Vehumet was noncommittal.
You visited 2 branches of the dungeon, and saw 7 of its levels.

You collected 258 gold pieces.

Inventory:

Hand Weapons
 n - a +4 quarterstaff of chaos (weapon)
Armour
 a - a +0 robe (worn)
 m - a +0 cloak (worn)
 u - a +0 helmet (worn)
 A - a +0 pair of gloves (worn)
Jewellery
 j - a ring of fire
 l - a ring of protection from cold (right hand)
 q - a ring of willpower (left hand)
 t - a ring of resist corrosion
 x - an amulet of reflection (around neck)
Wands
 w - a wand of charming (7) (quivered)
Scrolls
 c - 2 scrolls of fog
 k - a scroll of revelation
 o - a scroll of torment
 s - a scroll of amnesia
 v - a scroll of noise
 y - a scroll of identify
 z - a scroll of enchant weapon {unknown}
Potions
 b - 2 potions of degeneration {unknown}
 d - a potion of mutation {unknown}
 e - a potion of haste {unknown}
 f - a potion of enlightenment {unknown}
 g - a potion of cancellation {unknown}
 h - 2 potions of lignification {unknown}
 i - a potion of brilliance {unknown}
 p - 3 potions of curing {unknown}
 r - a potion of resistance {unknown}


   Skills:
 - Level 1.0 Fighting
 - Level 6.0 Dodging
 - Level 5.0 Stealth
 - Level 6.0 Spellcasting
 - Level 4.0 Conjurations
 - Level 6.0 Fire Magic
 + Level 5.9 Evocations


You had 12 spell levels left.
You knew the following spells:

 Your Spells              Type           Power      Damage    Failure   Level
a - Foxfire               Conj/Fire      100%       2x1d9     1%          1
b - Scorch                Fire           68%        2d7       1%          2
c - Flame Wave            Conj/Fire      29%        2d9       11%         4

Your spell library contained the following spells:

 Spells                   Type           Power      Damage    Failure   Level
 Momentum Strike          Conj/Tloc      32%        3d8       5%          2
 Inner Flame              Hex/Fire       20%        N/A       8%          3
 Volatile Blastmotes      Fire/Tloc      40%        2d13      8%          3
 Blink                    Tloc           12%        N/A       13%         2
 Lesser Beckoning         Tloc           12%        N/A       13%         2


Dungeon Overview and Level Annotations

Branches:
Dungeon (6/15)             Temple (1/1) D:5

Altars:
Ashenzari
Elyvilon
Fedhas
Hepliaklqana
Kikubaaqudgha
Makhleb
Okawaru
Qazlal
Ru
Sif Muna
Trog
Uskayaw
Vehumet
Wu Jian
Xom
Zin
The Shining One

Shops:
D:6 *

Annotations:
D:6 Jeremiah


Message History

The flame wave engulfs the wight!
The wight is heavily damaged.
The flame wave engulfs the butterfly.
You kill the butterfly!
The butterfly disappears in a burst of colours!
The flame wave engulfs the butterfly!
You kill the butterfly!
The butterfly disappears in a burst of colours!
The wight hits you with a +2 hand axe!
You feel drained. The wight hits you with a +0 falchion.
* * * LOW HITPOINT WARNING * * *
You feel drained.
* * * LOW HITPOINT WARNING * * *
A wave of flame ripples out!
The flame wave engulfs the wight.
The wight is heavily damaged.
The flame wave engulfs the wight!
You destroy the wight!
Vehumet accepts your kill.
The flame wave engulfs the wight!
You destroy the wight!
Vehumet accepts your kill.
The flame wave engulfs the wight.
The wight is moderately damaged.
The flame wave engulfs the butterfly!
You kill the butterfly!
The butterfly disappears in a burst of colours!
The flame wave engulfs Jeremiah!
Jeremiah is almost dead.
The flame wave engulfs the butterfly!
You kill the butterfly!
The butterfly disappears in a burst of colours!
You finish channelling waves of flame.
The wight misses you. Jeremiah closely misses you.
Your life force feels restored.
As you read the scroll of teleportation, it crumbles to dust.
You feel strangely unstable.
Jeremiah cries, "Fearful master, protect me!"
Something smites you!
You die...
Jeremiah says, "O terrible one, your will is done."

#### .....#######
...>.#.....##
......b...# .b.zF...#
#zb.b..# #+#####)@....#
..##....####'########
.......†##.....##...##
.............8)......#
..##....##...........#
#.)..##...........#
....................#
.............∩.......#
.###########...#########


You could see Jeremiah and 2 wights.

Vanquished Creatures
  Duvessa (D:6)
  An ice beast (D:6)
  2 black bears
  2 centaurs
  2 phantoms (D:5)
  A kobold brigand (D:4)
  2 scorpions
  2 wights (D:6)
  Dowan (D:6)
  An orc priest (D:3)
  4 hounds
  2 jellies
  Crazy Yiuf (D:3)
  A sleepcap (D:4)
  An iguana (D:6)
  An orc wizard (D:4)
  12 adders
  A shadow imp (D:5)
  3 white imps (D:6)
  A ribbon worm (D:4)
  4 dart slugs
  7 orcs
  7 ball pythons
  2 endoplasms
  9 goblins
  5 hobgoblins
  11 kobolds
  2 quokkas (D:3)
  6 bats
  8 frilled lizards
  5 rats
108 creatures vanquished.

Vanquished Creatures (others)
  152 foxfires
152 creatures vanquished.

Grand Total: 260 creatures vanquished

Notes
Turn   | Place    | Note
-------+----------+-------------------------------------------
     0 | D:1      | hawla the Deep Elf Fire Elementalist began the quest for
                  | the Orb.
     0 | D:1      | Reached XP level 1. HP: 10/10 MP: 6/6
   183 | D:1      | Reached skill level 1 in Fighting
   254 | D:1      | Reached XP level 2. HP: 16/16 MP: 5/8
   257 | D:1      | Learned a level 2 spell: Scorch
  1008 | D:2      | Reached XP level 3. HP: 20/20 MP: 2/9
  1407 | D:2      | Reached XP level 4. HP: 25/25 MP: 8/10
  1844 | D:3      | Found a glowing golden altar of the Shining One.
  2098 | D:3      | Learned a level 4 spell: Flame Wave
  2361 | D:3      | Found a runed translucent door.
  2362 | D:3      | Noticed Crazy Yiuf
  2487 | D:3      | Found a hide-covered altar of Uskayaw.
  2584 | D:3      | Reached XP level 5. HP: 29/29 MP: 4/11
  2947 | D:3      | Found an iron altar of Okawaru.
  3023 | D:3      | Killed Crazy Yiuf
  3024 | D:3      | Reached skill level 5 in Stealth
  3153 | D:4      | Found a shimmering blue altar of Sif Muna.
  3539 | D:4      | Found a stormy altar of Qazlal.
  3764 | D:4      | Found a white marble altar of Elyvilon.
  3805 | D:4      | Reached XP level 6. HP: 29/34 MP: 1/12
  3935 | D:4      | Reached skill level 5 in Dodging
  4251 | D:5      | Entered Level 5 of the Dungeon
  4450 | D:5      | Found a staircase to the Ecumenical Temple.
  4477 | D:5      | Reached XP level 7. HP: 34/38 MP: 2/16
  4490 | Temple   | Entered the Ecumenical Temple
  4523 | Temple   | Became a worshipper of Vehumet
  4654 | D:5      | Reached skill level 5 in Spellcasting
  5075 | D:5      | Reached skill level 5 in Fire Magic
  5201 | D:5      | Found an ornate altar of the Wu Jian Council.
  5682 | D:6      | Noticed Duvessa
  5686 | D:6      | Reached skill level 1 in Evocations
  5686 | D:6      | Reached XP level 8. HP: 43/43 MP: 11/19
  5686 | D:6      | Noticed Dowan
  5963 | D:6      | Killed Duvessa
  5972 | D:6      | Killed Dowan
  6061 | D:6      | Found Nyerch's Profane Products.
  6081 | D:6      | Reached skill level 5 in Evocations
  6182 | D:6      | Noticed Jeremiah
  6192 | D:6      | Killed from afar by Jeremiah

Illustrated notes

Levels and vault maps discovered:
D:1:      roderic_chinese_lattice_arrival, layout_loops_ring,
          hangedman_decor_clover_reticule
D:2:      layout_rooms
D:3:      layout_loops_corners, mainiacjoe_overflow_alcove_2,
          lemuel_crystal_altar, nicolae_uskayaw_murder_on_the_dancefloor,
          kennysheep_generic_room_10, uniq_crazy_yiuf_cottage
D:4:      layout_basic, old_standard_altar, elyvilon_altar_1,
          kennysheep_little_box, lexackson_kobold_supper
D:5:      minmay_general_purpose_star, layout_gridville,
          nicolae_overflow_crystal_walls, minmay_temple_entry_statues
D:6:      layout_gridville, nicolae_evil_shop, uniq_duvessa, uniq_jeremiah
Temple:   hellmonk_temple_beads

Skill      XL: |  1  2  3  4  5  6  7  8 |
---------------+-------------------------+-----
Fighting       | 1 |  1.0
Conjurations   | 3 4 |  4.0
Stealth        | 4 5 |  5.0
Dodging        | 4 6 |  6.0
Spellcasting   | 4 6 |  6.0
Fire Magic     | 6 |  6.0
Evocations     | 1 5 |  5.9

Action                     |  1- 3 |  4- 6 |  7- 9 || total
---------------------------+-------+-------+-------++-------
  Melee: Unarmed           |     8 |     5 |       ||    13
         Quarterstaff      |       |    14 |     6 ||    20
   Cast: Foxfire           |    34 |    23 |    27 ||    84
         Scorch            |    10 |    43 |    25 ||    78
         Flame Wave        |       |     3 |     4 ||     7
    Use: Scroll            |     4 |     4 |     2 ||    10
         Potion            |       |     1 |       ||     1
   Stab: Sleeping          |       |     1 |     1 ||     2
         Distracted        |       |     1 |       ||     1
 Armour: Robe              |    14 |    34 |    24 ||    72
  Dodge: Dodged            |     8 |    28 |    24 ||    60
  Block: Other             |       |       |     7 ||     7
